 Dungeon Crawl Stone Soup version 0.31-a0-879-g1609e0ac53 (webtiles) character file.

Game seed: 17296520110787530729

1849995 Charly the Sorcerer (level 27, 190/190 HPs)
             Began as a Kobold Earth Elementalist on Oct 14, 2023.
             Was an Elder of Ashenzari.
             Escaped with the Orb
             ... and 4 runes!
             The game lasted 03:50:18 (106990 turns).

Charly the Sorcerer (Kobold Earth Elementalist)   Turns: 106990, Time: 03:50:19

Health: 190/190    AC: 14    Str:  7    XL:     27
Magic:  38/70      EV: 43    Int: 45    God:    Ashenzari [****..]
Gold:   486        SH:  0    Dex: 31    Spells: 22/77 levels left

rFire   + . .        O - +5 trident "Obradgh" {drain, MP+9 Int+3}
rCold   + . .        (shield currently unavailable)
rNeg    + . .        C - +2 robe "Restrained Stickiness" {rC+ rF+, Bglg, Alch} (curse)
rPois   .            X - +1 helmet of Ashenzari's Boredom {rN+, Dev, Fort} (curse)
rElec   +            S - +1 cloak "Circumscribed Together" {Will+, Elem, Alch} (curse)
rCorr   .            D - +2 pair of gloves of Panopticon {Str+3 Int+3 Dex+5, Self, Fort} (curse)
SInv    +            w - +2 pair of boots of the Cursed Planets {Stlth+, Self, Melee} (curse)
Will    +++..        K - amulet "Regret of Ashenzari" {Faith Contam Int+3 Dex+9, Bglg, Fort} (curse)
Stlth   +++          g - ring of Paqukkar {rElec MP+9}
HPRegen 0.51/turn    H - ring "At What Cost Knowledge?" {Int+6, Fort, Self} (curse)
MPRegen 0.42/turn

%: clarity, faith
@: studying 2 skills
A: small, no large weapons, nightstalker 3, hooves 1, clever 1, weak 1
0: Orb of Zot
}: 4/15 runes: serpentine, barnacled, slimy, silver
a: Renounce Religion, Shatter the Chains


You escaped.
You worshipped Ashenzari.
Ashenzari was greatly pleased with you.
You visited 10 branches of the dungeon, and saw 52 of its levels.
You visited 1 bazaar.
You visited 1 ziggurat, and saw 6 of its levels.
You also visited: Ossuary, Ice Cave and Wizlab.

You collected 7673 gold pieces.
You spent 7187 gold pieces at shops.

Inventory:

Hand Weapons
 O - the +5 trident "Obradgh" (weapon) {drain, MP+9 Int+3}
   (You bought it in a shop on level 2 of the Elven Halls)

   Int+3:     It affects your intelligence (+3).
   MP+9:      It affects your magic capacity (+9).
Missiles
 V - 5 throwing nets
Armour
 m - the +1 leather armour of the Curupira {rN+ Int+3}
   (You found it on level 2 of the Depths)

   Int+3:     It affects your intelligence (+3).
   rN+:       It protects you from negative energy.
 w - the cursed +2 pair of boots of the Cursed Planets (worn) {Stlth+, Self, Melee}
   (You found it in an ice cave)

   It has a curse which improves the following skills: Introspection: Fighting
   and Spellcasting.
   Melee Combat: Short Blades, Long Blades, Axes, Maces & Flails, Polearms,
   Staves and Unarmed Combat.
 C - the cursed +2 robe "Restrained Stickiness" (worn) {rC+ rF+, Bglg, Alch}
   (You found it in an ice cave)

   It has a curse which improves the following skills: Beguiling: Conjurations,
   Hexes and Translocations.
   Alchemy:   Poison Magic and Transmutations.
 D - the cursed +2 pair of gloves of Panopticon (worn) {Str+3 Int+3 Dex+5, Self, Fort}
   (You found it on level 5 of the Pits of Slime)

   Str+3:     It affects your strength (+3).
   Int+3:     It affects your intelligence (+3).
   Dex+5:     It affects your dexterity (+5).
   It has a curse which improves the following skills: Introspection: Fighting
   and Spellcasting.
   Fortitude: Armour and Shields.
 S - the cursed +1 cloak "Circumscribed Together" (worn) {Will+, Elem, Alch}
   (You took it off Maurice on level 1 of the Orcish Mines)

   It has a curse which improves the following skills: Elements: Fire Magic, Ice
   Magic, Air Magic and Earth Magic.
   Alchemy:   Poison Magic and Transmutations.
 X - the cursed +1 helmet of Ashenzari's Boredom (worn) {rN+, Dev, Fort}
   (You bought it in a shop on level 3 of the Snake Pit)

   rN+:       It protects you from negative energy.
   It has a curse which improves the following skills: Devices: Evocations and
   Shapeshifting.
   Fortitude: Armour and Shields.
Jewellery
 g - the ring of Paqukkar (left hand) {rElec MP+9}
   (You bought it in a shop on level 7 of the Dungeon)

   [ring of magical power]

   rElec:     It insulates you from electricity.
   MP+9:      It affects your magic capacity (+9).
 H - the cursed ring "At What Cost Knowledge?" (right hand) {Int+6, Fort, Self}
   (You found it on level 6 of the Dungeon)

   [ring of intelligence]

   Int+6:     It affects your intelligence (+6).
   It has a curse which improves the following skills: Fortitude: Armour and
   Shields.
   Introspection: Fighting and Spellcasting.
 K - the cursed amulet "Regret of Ashenzari" (around neck) {Faith Contam Int+3 Dex+9, Bglg, Fort}
   (You bought it in a shop on level 2 of the Orcish Mines)

   [amulet of faith]

   Faith:     It allows you to gain divine favour quickly.
   Int+3:     It affects your intelligence (+3).
   Dex+9:     It affects your dexterity (+9).
   Contam:    It causes magical contamination when unequipped.
   It has a curse which improves the following skills: Beguiling: Conjurations,
   Hexes and Translocations.
   Fortitude: Armour and Shields.
 W - the ring of the Tortoise {AC+8}
   (You found it on level 5 of the Pits of Slime)

   [ring of protection]

   AC+8:      It affects your AC (+8).
Wands
 l - a wand of digging (24)
 q - a wand of mindburst (11)
 x - a wand of quicksilver (26)
 B - a wand of iceblast (69)
 E - a wand of charming (55)
 F - a wand of flame (107)
 Z - a wand of polymorph (13)
Scrolls
 c - 8 scrolls of enchant armour
 e - 29 scrolls of teleportation
 i - 6 scrolls of vulnerability
 k - 13 scrolls of fog
 o - 9 scrolls of poison
 r - 5 scrolls of summoning
 s - 16 scrolls of fear
 v - 13 scrolls of amnesia
 y - 11 scrolls of revelation
 A - 6 scrolls of silence
 G - 6 scrolls of blinking
 L - 4 scrolls of immolation
Potions
 a - 11 potions of cancellation
 b - 4 potions of magic
 d - 22 potions of curing
 h - 10 potions of haste
 n - 8 potions of brilliance
 t - 11 potions of mutation
 u - 2 potions of ambrosia
 z - 9 potions of enlightenment
 I - 4 potions of resistance
 J - 9 potions of lignification
 M - 7 potions of invisibility
 N - 11 potions of might
 R - 4 potions of attraction
 U - 4 potions of berserk rage
 Y - 17 potions of heal wounds
Miscellaneous
 f - a lightning rod (4/4)
 j - a phantom mirror (inert)
 P - a sack of spiders
 Q - a condenser vane (inert)
 T - a phial of floods


   Skills:
 + Level 20.8(24.0) Fighting
 + Level 22.1 Dodging
 - Level 14.4 Stealth
 - Level 22.7(25.8) Spellcasting
 - Level 19.6(22.0) Conjurations
 - Level 13.6 Necromancy
 - Level 2.5(4.7) Transmutations
 - Level 6.7(8.6) Fire Magic
 - Level 7.3(9.2) Ice Magic
 - Level 2.6(4.1) Air Magic
 - Level 19.7(21.2) Earth Magic
 - Level 2.5(4.7) Poison Magic
 + Level 22.5(24.0) Evocations


You had 22 spell levels left.
You knew the following spells:

 Your Spells              Type           Power      Damage    Failure   Level
a - Ozocubu's Armour      Ice            96%        N/A       0%          3
b - Blink                 Tloc           100%       N/A       1%          2
c - Freezing Cloud        Conj/Ice/Air   52%        6-21      1%          5
d - Dispel Undead         Necr           100%       3d31      0%          4
e - Fireball              Conj/Fire      57%        3d22      0%          5
f - Lehudib's Crystal Sp  Conj/Erth      65%        10d15     1%          8
g - Iskenderun's Battles  Conj           100%       2d15      0%          5
h - Stone Arrow           Conj/Erth      100%       3d13      0%          3
i - Ignite Poison         Fire/Tmut/Pois 85%        N/A       1%          3
j - Arcjolt               Conj/Air       54%        1d64      1%          5
k - Sandblast             Erth           100%       2d20      0%          1
q - Swiftness             Air            77%        N/A       1%          3
z - Simulacrum            Ice/Necr       51%        N/A       1%          6
P - Passwall              Tmut/Erth      90%        N/A       0%          2

Your spell library contained the following spells:

 Spells                   Type           Power      Damage    Failure   Level
 Foxfire                  Conj/Fire      100%       2x1d9     0%          1
 Kiss of Death            Conj/Necr      100%       2d13      0%          1
 Magic Dart               Conj           100%       1d8       0%          1
 Necrotise                Necr           100%       1d9       0%          1
 Shock                    Conj/Air       100%       1d9       0%          1
 Momentum Strike          Conj/Tloc      100%       3d10      0%          2
 Searing Ray              Conj           100%       2d8       0%          2
 Static Discharge         Conj/Air       100%       2-7/arc   0%          2
 Hailstorm                Conj/Ice       100%       3d20      0%          3
 Mephitic Cloud           Conj/Pois/Air  100%       N/A       0%          3
 Vampiric Draining        Necr           100%       2d13      0%          3
 Brom's Barrelling Bould  Conj/Erth      100%       2d11      0%          4
 Flame Wave               Conj/Fire      100%       2d21      0%          4
 Petrify                  Tmut/Erth      100%       N/A       0%          4
 Sticky Flame             Conj/Fire      100%       2d11      0%          4
 Apportation              Tloc           100%       N/A       1%          1
 Sting                    Tmut/Pois      100%       1d8       1%          1
 Summon Small Mammal      Summ           100%       N/A       1%          1
 Cigotuvi's Dreadful Rot  Necr/Pois/Air  100%       N/A       1%          2
 Ensorcelled Hibernation  Hex/Ice        100%       N/A       1%          2
 Lesser Beckoning         Tloc           100%       N/A       1%          2
 Poisonous Vapours        Pois/Air       100%       N/A       1%          2
 Confusing Touch          Hex            57%        N/A       1%          3
 Gell's Gravitas          Tloc           57%        N/A       1%          3
 Inner Flame              Hex/Fire       78%        N/A       1%          3
 Teleport Other           Tloc           57%        N/A       1%          3
 Volatile Blastmotes      Fire/Tloc      100%       2d18      1%          3
 Airstrike                Air            38%        2d(6-22)  1%          4
 Fulminant Prism          Conj/Hex       51%        3d23      1%          4
 Iskenderun's Mystic Bla  Conj/Tloc      100%       2d19      1%          4
 Olgreb's Toxic Radiance  Pois           79%        N/A       1%          4
 Summon Ice Beast         Ice/Summ       79%        N/A       1%          4
 Summon Lightning Spire   Summ/Air       67%        N/A       1%          4
 Vhi's Electric Charge    Tloc/Air       100%       N/A       1%          4
 Agony                    Necr           100%       N/A       1%          5
 Metabolic Englaciation   Hex/Ice        39%        N/A       1%          5
 Conjure Ball Lightning   Conj/Air       54%        3x3d20    1%          6
 Orb of Destruction       Conj           65%        9d15      1%          7
 Cause Fear               Hex            28%        N/A       2%          4
 Manifold Assault         Tloc           57%        N/A       2%          4
 Ozocubu's Refrigeration  Ice            48%        4d18      4%          7
 Summon Mana Viper        Hex/Summ       56%        N/A       6%          5
 Dispersal                Tloc           28%        N/A       32%         6
 Ignition                 Fire           47%        3d13      43%         8
 Chain Lightning          Conj/Air       54%        3d72      75%         9
 Malign Gateway           Summ/Tloc      28%        N/A       89%         7
 Monstrous Menagerie      Summ           27%        N/A       91%         7
 Maxwell's Capacitive Co  Air            38%        ∞         96%         8
 Polar Vortex             Ice            48%        12d6*     99%         9
 Discord                  Hex            28%        N/A       100%        8
 Disjunction              Tloc           28%        N/A       100%        8
 Summon Horrible Things   Summ           27%        N/A       100%        8
 Dragon's Call            Summ           27%        N/A       100%        9


Dungeon Overview and Level Annotations

Branches:
Dungeon (15/15)            Temple (0/1) D:4            Lair (5/5) D:10
 Shoals (4/4) Lair:3        Snake (4/4) Lair:3        Slime (5/5) Lair:5
    Orc (2/2) D:11            Elf (3/3) Orc:2        Vaults (5/5) D:14
  Crypt (0/3) Vaults:2     Depths (4/4) D:15            Zot (5/5) Depths:4
Ossuary (visited)           IceCv (visited)          WizLab (visited)

Altars:
Ashenzari
Cheibriados
Dithmenos
Fedhas
Kikubaaqudgha
Qazlal
Ru
Sif Muna
Vehumet
Yredelemnul
The Shining One
Jiyva

Shops:
D:4 [   D:7 (!!=!   Orc:2 ![*=*   Elf:2 (!!   Shoals:2 (   Shoals:3 :
Snake:3 ![(=(   Vaults:3 *   Vaults:4 (   Depths:1 :

Portals:
Hell: Depths:1 Depths:2 Depths:3 Depths:4
Abyss: Depths:1 Depths:3
Pandemonium: Depths:2

Annotations:
Shoals:3 Roxanne


Innate Abilities, Weirdness & Mutations

You are small and have problems with some larger weapons.
You are completely attuned to the shadows.
You have large cloven feet.
Your mind is acute. (Int +4, Str/Dex -1)
You are weak. (Str -2)


Message History

The Executioner gestures.
The Executioner seems to speed up.
A demonspawn warmonger comes into view.
It is wielding a +0 double sword of protection, wearing a +1 plate armour of fire resistance and wearing a +2 tower shield of protection.
The Executioner hits you but does no damage.
The Executioner completely misses you. The Executioner closely misses you.
There is a stone staircase leading up here.
The Executioner closely misses you. x2; The Executioner completely misses you.
The Executioner barely misses you. The Executioner completely misses you.
The Executioner hits you but does no damage.
The Executioner completely misses you. x3
You climb upwards.
There is a stone staircase leading down here.
Aiming: Lehudib's Crystal Spear (mildly dangerous; 1% risk of failure)
Press: ? - help, Q - select action, (/) - cycle Shift-Dir - straight line, f - Executioner
Aim: an Executioner (fast, 73% to hit)
The crystal spear hits the Executioner!!!!
You kill the Executioner!
What level of the Dungeon? (default 1, ? - help)
Things that are here:
a stone; a +0 club
There is a stone staircase leading up here.
You climb upwards.
There is a stone staircase leading down here.
A hellion comes into view.
Aiming: Lehudib's Crystal Spear (mildly dangerous; 1% risk of failure)
Press: ? - help, Q - select action, (/) - cycle Shift-Dir - straight line, f - hellion
Aim: a hellion (84% to hit)
The crystal spear hits the hellion!!!
You kill the hellion!
An ice devil comes into view.
Aiming: Lehudib's Crystal Spear (mildly dangerous; 1% risk of failure)
Press: ? - help, Q - select action, (/) - cycle Shift-Dir - straight line, f - ice devil
Aim: an ice devil (84% to hit)
The crystal spear hits the ice devil!!!!
You kill the ice devil!
There is an open door here.
You see here a +0 scale mail.
There is a staircase leading out of the dungeon here.
Okay, then.
You have escaped!

..############.........######.#..
..# ##.######## #.#.. ..# #.##
#.#.. ..# #..# #.#.. ###### ##.#
#.#.. .....# ###'### #####.#..
.....# #.....# #.....#.. .....#
#..[..# #.....#.. .....#
#######..@..# #.....###
.....###.....#.....# #.....#
......##.....#.....# #...†.#
.......#.....###'### ##.....#
.....#.......#...# #......#
.....###..###..### #.....##
.....####.....### #.....#
#######.........# #.#####
#.........########.# ###


There were no monsters in sight!

Vanquished Creatures
  the Royal Jelly (Slime:5)
  4 ancient liches
  3 orbs of fire (Zot:5)
  2 dread liches (Vaults:5)
  The ghost of Syrassil the Skinwalker, a master DrMo of Okawaru (Zot:5)
  Sojobo (Vaults:3)
  A royal mummy (Depths:2)
  2 Killer Klowns
  Boris (Vaults:5)
  Vashnia (Snake:3)
  A curse toe (Zot:3)
  Nikola (Vaults:3)
  11 golden dragons
  2 electric golems
  12 tentacled monstrosities
  A walking earthen tome (Depths:3)
  2 liches
  A moon troll (WizLab)
  4 sphinxes
  3 quicksilver dragons
  8 Orb Guardians
  A deep elf blademaster (Elf:3)
  A deep elf master archer (Elf:3)
  The ghost of Douf the Warrior, an adept MiBe of Trog (Snake:1)
  10 acid blobs
  12 death cobs
  10 tentacled starspawn
  8 titans
  An Executioner (D:2)
  Polyphemus (Shoals:2)
  4 tengu reavers
  8 shadow dragons
  6 storm dragons
  A daeva (D:13)
  Ilsuiw (Shoals:3)
  5 rockslimes
  An azure jelly (shapeshifter) (Zig:4)
  5 nagarajas (Snake:4)
  2 draconian monks
  4 azure jellies (Slime:5)
  3 draconian knights
  9 fire giants
  A balrug (Zot:1)
  15 frost giants
  5 deep elf elementalists (Elf:3)
  3 ghost moths
  5 deep elf sorcerers
  2 draconian scorchers
  Louise (D:15)
  12 vault wardens
  The ghost of Fypuno Aqar the Pyromancer, an adept DEFE of Elyvilon (Vaults:3)
  2 draconian stormcallers
  19 very ugly things
  7 ironbound preservers
  A draconian shifter (Depths:4)
  A demonspawn corrupter (D:4)
  4 quicksilver oozes (Slime:5)
  2 orc warlords (Vaults:4)
  2 cacodemons
  3 vampire knights
  2 formless jellyfish (Slime:5)
  4 war gargoyles
  The ghost of Ciotsan the Gelid, an adept FeIE of Vehumet (Vaults:3)
  3 demonspawn blood saints
  2 demonspawn black suns (Zot:1)
  4 ironbound thunderhulks
  23 stone giants
  2 reapers
  3 deep elf demonologists (Elf:3)
  5 white draconians
  3 green draconians
  2 black draconians
  8 deep elf annihilators
  10 dire elephants
  5 purple draconians
  2 yellow draconians
  A lorocyproca (Zot:1)
  7 spark wasps
  6 red draconians
  Snorg (Lair:5)
  4 crystal guardians
  12 fire dragons
  4 merfolk javelineers
  14 ettins
  3 mummy priests (Depths:2)
  10 merfolk impalers
  Josephine (D:11)
  8 deep elf death magi
  3 entropy weavers
  13 great orbs of eyes
  2 salamander tyrants (Snake:4)
  5 deep elf high priests
  Fannar (D:10)
  6 ice dragons (Depths:3)
  A rakshasa (Depths:3)
  The ghost of Flugkiller the Carver, a journeyman DEGl of Okawaru (Lair:2)
  The ghost of gruber the Earth Mage, a journeyman GrEE of Vehumet (Lair:1)
  16 yaktaur captains
  Erolcha (D:12)
  An ogre mage (D:14)
  An alligator (Zig:3)
  4 peacekeepers
  21 vault guards
  4 catoblepae
  5 hydras
  5 centaur warriors
  2 merfolk avatars (Shoals:4)
  A spriggan air mage (Depths:4)
  25 anacondas
  3 merfolk aquamancers (Shoals:4)
  4 boulder beetles
  5 ironbound frosthearts
  6 two-headed ogres
  23 dancing weapons
  12 death yaks
  5 tengu warriors
  A two-headed ogre (shapeshifter) (Elf:1)
  22 naga warriors
  18 deep troll shamans
  A hell hog (Depths:1)
  3 thrashing horrors (Zig:6)
  3 vampire magi
  7 deep troll earth magi
  13 shock serpents
  21 naga sharpshooters
  22 deep elf knights
  3 soul eaters
  3 spriggan berserkers
  A shock serpent (shapeshifter) (Zig:4)
  7 salamander mystics
  2 wretched stars
  3 sixfirhies
  A spectral death yak (Lair:2)
  A sun demon (Depths:2)
  9 glowing orange brains
  A spatial maelstrom (Zig:6)
  51 deep trolls
  3 skysharks
  16 iron trolls
  12 naga ritualists
  13 sea snakes
  14 deep elf archers
  2 flayed ghosts
  A spriggan druid (Zig:3)
  A tengu zombie (Vaults:3)
  3 orange crystal statues
  A spectral hydra (Lair:2)
  7 phantasmal warriors
  2 bog bodies (IceCv)
  11 ironbound convokers
  15 lindwurms
  A swamp dragon (Zig:3)
  34 deep elf zephyrmancers
  4 wizards
  39 deep elf pyromancers
  5 harpies
  12 mana vipers
  21 salamanders
  14 orc knights
  2 shining eyes
  3 necromancers
  10 cyclopes
  23 ugly things
  A manticore (shapeshifter) (Elf:3)
  2 orc sorcerers
  16 manticores
  21 moths of wrath
  A large abomination (Zig:6)
  25 elephants
  7 fauns
  Maurice (Orc:1)
  10 merfolk sirens
  10 guardian serpents
  8 water nymphs
  An ice statue (IceCv)
  A rust devil (Depths:2)
  9 vault sentinels
  A human skeleton (Vaults:3)
  3 molten gargoyles
  9 eyes of devastation
  A smoke demon (Zig:6)
  36 black mambas
  20 naga magi
  A toenail golem (D:13)
  A torpor snail (Lair:1)
  An unseen horror (D:10)
  3 gargoyles
  A hellion (D:1)
  15 cane toads
  A rime drake (Lair:4)
  2 freezing wraiths (Vaults:5)
  3 komodo dragons
  4 efreet
  38 yaktaurs
  2 kobold demonologists
  A spectral naga (Snake:1)
  3 ice devils
  A tengu conjurer (D:15)
  2 polar bears
  4 red devils (Depths:2)
  7 guardian mummies
  12 trolls
  3 meliai (D:15)
  5 wind drakes
  3 hornets (D:9)
  A hellwing (Depths:2)
  24 merfolk
  A spectral dream sheep (Lair:2)
  10 snapping turtles
  4 dream sheep (Shoals:3)
  16 blink frogs
  3 air elementals
  17 water elementals
  4 wyverns
  104 slime creatures
  9 wraiths
  A shadow (D:11)
  A vampire (D:12)
  2 fire bats (Depths:1)
  Grum (D:8)
  2 dire elephant simulacra (IceCv)
  A human (D:7)
  43 yaks
  9 golden eyes
  2 neqoxecs
  3 death yak simulacra (IceCv)
  4 basilisks
  A spectral komodo dragon (Lair:2)
  A chaos spawn (Depths:2)
  10 starcursed masses
  4 redbacks
  7 vampire mosquitoes
  4 steam dragons
  56 nagas
  11 wargs
  12 water moccasins
  A floating eye (Depths:3)
  41 orc warriors
  A sky beast (D:7)
  4 black bears
  29 wolves
  A black mamba simulacrum (Lair:2)
  12 centaurs
  7 ogres
  8 boggarts (D:14)
  A phantom (D:7)
  6 kobold brigands
  11 bullfrogs
  4 scorpions
  5 cane toad simulacra (IceCv)
  4 earth elementals
  8 two-headed ogre simulacra (IceCv)
  A lindwurm simulacrum (Lair:2)
  4 elephant simulacra (IceCv)
  5 killer bees
  8 lava snakes
  9 howler monkeys
  2 centaur zombies (Ossuary)
  5 jellies
  4 hounds
  16 orc priests
  A jelly (shapeshifter) (Vaults:5)
  2 human zombies
  4 iguanas
  A sleepcap (D:4)
  Natasha (thrice) (D:2)
  29 orc wizards
  7 troll simulacra (IceCv)
  5 spriggan simulacra (IceCv)
  2 polar bear simulacra (IceCv)
  3 wolf simulacra
  A hound zombie (Ossuary)
  6 mummies
  A gnoll (D:5)
  15 adders
  6 naga simulacra (IceCv)
  2 shadow imps
  2 white imps
  5 ufetubi
  3 adder zombies (Ossuary)
  2 worms
  2 dart slugs
  79 orcs
  9 endoplasms
  5 giant cockroaches
  6 goblins
  3 hobgoblins
  5 jackals
  17 kobolds
  5 quokkas
  3 training dummies (Shoals:2)
  9 ball pythons
  4 bats
  9 frilled lizards
  A gnoll zombie (Ossuary)
  7 goblin zombies (Ossuary)
  3 hobgoblin zombies (Ossuary)
  2 jackal zombies (Ossuary)
  2 kobold zombies
  An orc zombie (Ossuary)
  8 quokka zombies (Ossuary)
  6 rats
  5 rat zombies
  2 starspawn tentacles (WizLab)
2186 creatures vanquished.

Vanquished Creatures (collateral kills)
  A dread lich (Zot:5)
  Margery (Depths:3)
  6 Killer Klowns (Zot:5)
  A pandemonium lord (Zig:5)
  A curse toe (Zot:5)
  5 golden dragons
  An electric golem (Zot:5)
  18 Orb Guardians (Zot:5)
  A titan (Vaults:5)
  A walking divine tome (Depths:3)
  A quicksilver dragon (Vaults:5)
  A sphinx (shapeshifter) (Vaults:5)
  A sphinx (Depths:2)
  An acid blob (Slime:5)
  Aizul (Elf:2)
  3 shadow dragons
  3 tengu reavers
  5 storm dragons
  A fire giant (Vaults:5)
  2 frost giants
  A draconian scorcher (Zot:2)
  A deep elf elementalist (Elf:1)
  A draconian shifter (Zot:5)
  7 ironbound preservers
  A draconian stormcaller (Zot:4)
  A draconian annihilator (Zot:2)
  A spriggan defender (Depths:3)
  6 stone giants
  A quicksilver ooze (Slime:5)
  10 very ugly things
  A formless jellyfish (Vaults:2)
  2 green draconians
  6 purple draconians
  7 white draconians
  4 spark wasps (Depths:3)
  5 black draconians
  6 red draconians
  5 yellow draconians
  2 yaktaur captains
  3 fire dragons
  3 great orbs of eyes
  A deep elf high priest (Vaults:5)
  9 vault guards
  3 centaur warriors (Vaults:1)
  An ice dragon (Depths:3)
  A hydra (Lair:5)
  An alligator snapping turtle (Shoals:1)
  An ogre mage (Vaults:5)
  A deep troll shaman (Depths:3)
  A tengu warrior (Depths:2)
  5 deep troll earth magi
  5 hell knights (Depths:3)
  2 spriggans (Depths:3)
  3 iron trolls (Depths:3)
  A glowing orange brain (WizLab)
  A wizard (Vaults:1)
  8 deep trolls
  A lindwurm (shapeshifter) (Vaults:5)
  A phantasmal warrior (Vaults:5)
  8 ironbound convokers
  3 orc knights
  3 lindwurms
  4 necromancers
  A shining eye (shapeshifter) (Vaults:5)
  10 ugly things
  A salamander (Depths:2)
  8 vault sentinels
  7 moths of wrath
  An eye of devastation (WizLab)
  A yaktaur (Vaults:1)
  An efreet (Zot:1)
  A queen bee (shapeshifter) (Vaults:5)
  A troll (Zot:1)
  2 hornets (Depths:3)
  11 slime creatures
  3 water elementals (Depths:3)
  A golden eye (Slime:5)
  A killer bee (shapeshifter) (Vaults:5)
  A river rat (shapeshifter) (Vaults:5)
244 creatures vanquished.

Vanquished Creatures (others)
  A demonspawn warmonger (Zig:5)
  A rockslime (Slime:5)
  A moth of wrath (Zot:1)
  4 slime creatures (Slime:5)
  8 starspawn tentacles
15 creatures vanquished.

Grand Total: 2445 creatures vanquished

Notes
Turn   | Place    | Note
-------+----------+-------------------------------------------
     0 | D:1      | Charly the Kobold Earth Elementalist began the quest for
                  | the Orb.
     0 | D:1      | Reached XP level 1. HP: 10/10 MP: 3/3
   517 | D:1      | Reached skill level 1 in Fighting
   517 | D:1      | Reached XP level 2. HP: 16/16 MP: 0/5
  1092 | D:2      | Reached XP level 3. HP: 21/21 MP: 3/6
  1095 | D:2      | Learned a level 2 spell: Passwall
  1099 | D:2      | Learned a level 3 spell: Stone Arrow
  1296 | D:2      | Noticed Natasha
  1398 | D:3      | Found a broken altar of Ashenzari.
  1403 | D:3      | Became a worshipper of Ashenzari the Shackled
  1852 | D:2      | Reached XP level 4. HP: 27/27 MP: 5/7
  2779 | D:4      | Reached skill level 5 in Stealth
  3026 | D:4      | Reached XP level 5. HP: 26/32 MP: 4/8
  3149 | D:4      | Noticed a sky beast
  3185 | D:4      | Reached * piety under Ashenzari
  3219 | D:4      | Identified Guthriuj's Anthology of Power
  3234 | D:4      | Reached skill level 1 in Conjurations
  3344 | D:4      | Reached XP level 6. HP: 37/37 MP: 7/10
  3666 | D:4      | Identified the cursed +0 pair of gloves "Per Aspera Ad
                  | Scientiam" {Alch, Bglg} (You found it on level 3 of the
                  | Dungeon)
  3666 | D:4      | Identified the cursed +1 leather armour "Sidereal Omission"
                  | {rF+, Elem, Melee} (You found it on level 3 of the Dungeon)
  3832 | D:4      | Found a staircase to the Ecumenical Temple.
  4069 | D:4      | Found Teshub's Dragon-Slaying Spoils.
  4130 | D:5      | Entered Level 5 of the Dungeon
  4216 | D:5      | Reached ** piety under Ashenzari
  4358 | D:5      | Identified the +3 ring mail "Voint" {Harm rN+ Regen+ SInv}
  4407 | D:5      | Reached XP level 7. HP: 41/41 MP: 6/12
  4694 | D:5      | Reached skill level 5 in Earth Magic
  5120 | D:5      | Found a shadowy altar of Dithmenos.
  5120 | D:5      | Found a snail-covered altar of Cheibriados.
  5190 | D:2      | Killed Natasha
  5319 | D:2      | Noticed Natasha
  5321 | D:2      | Killed Natasha
  5369 | D:2      | Noticed Natasha
  5373 | D:2      | Killed Natasha
  6088 | D:6      | Reached XP level 8. HP: 46/48 MP: 3/15
  6287 | D:6      | Reached skill level 1 in Evocations
  6727 | D:6      | Reached skill level 5 in Spellcasting
  6727 | D:6      | Reached XP level 9. HP: 45/52 MP: 9/18
  7285 | D:7      | Identified the +3 rapier of Resourcefulness {flame, rF-
                  | rC+++ Int-5 Dex+7}
  7287 | D:7      | Reached *** piety under Ashenzari
  7347 | D:7      | Found Lirenkian's Distillery.
  7349 | D:7      | Found Vaopn's Antique Weapon Boutique.
  7350 | D:7      | Found Noun's Distillery.
  7352 | D:7      | Found Ufead's Jewellery Boutique.
  7353 | D:7      | Bought a potion of lignification for 33 gold pieces
  7365 | D:7      | Bought an iridescent hand axe for 168 gold pieces
  7365 | D:7      | Identified the +9 hand axe of Midwinter {protect, Fly Will+
                  | MP+9 Dex-3} (You bought it in a shop on level 7 of the
                  | Dungeon)
  7370 | D:7      | Bought a potion of lignification for 33 gold pieces
  7376 | D:7      | Bought a potion of cancellation for 88 gold pieces
  7451 | D:7      | Found a runed translucent door.
  7474 | D:7      | Found a basalt altar of Yredelemnul.
  7665 | D:7      | Found Fiesu's Distillery.
  7894 | D:8      | Found a sand-covered staircase.
  7910 | Ossuary  | Entered an ossuary
  8521 | Ossuary  | Reached skill level 5 in Conjurations
  8783 | D:8      | Found a shimmering blue altar of Sif Muna.
  8802 | D:8      | Found an ancient bone altar of Kikubaaqudgha.
  8834 | D:8      | Found a radiant altar of Vehumet.
  8834 | D:8      | Identified Vehumet's Codex of Concussion
  8978 | D:8      | Identified the +4 mace of Responsibility {drain, rElec
                  | Int+6}
  9236 | D:8      | Reached skill level 5 in Evocations
  9334 | D:8      | Found a stormy altar of Qazlal.
  9443 | D:8      | Reached XP level 10. HP: 59/59 MP: 23/23
  9600 | D:8      | Noticed Grum
  9603 | D:8      | Killed Grum
  9931 | D:7      | Bought a potion of curing for 45 gold pieces
  9955 | D:7      | Bought a potion of lignification for 33 gold pieces
  9955 | D:7      | Bought a potion of lignification for 33 gold pieces
  9958 | D:7      | Bought a potion of enlightenment for 55 gold pieces
 10042 | D:9      | Reached **** piety under Ashenzari
 10131 | D:9      | Noticed a cyclops
 10136 | D:9      | Killed a cyclops
 10298 | D:9      | Reached skill level 10 in Earth Magic
 10490 | D:9      | Noticed a kobold demonologist
 10492 | D:9      | Killed a kobold demonologist
 10609 | D:9      | Reached XP level 11. HP: 46/64 MP: 20/26
 10791 | D:9      | Noticed a manticore
 10793 | D:9      | Killed a manticore
 11617 | D:7      | Learned a level 3 spell: Ignite Poison
 11725 | D:10     | Entered Level 10 of the Dungeon
 11778 | D:10     | Found a staircase to the Lair.
 11791 | D:10     | Noticed a two-headed ogre
 11795 | D:10     | Killed a two-headed ogre
 11796 | D:10     | Reached skill level 1 in Poison Magic
 11801 | D:10     | Reached skill level 1 in Fire Magic
 11884 | D:10     | Learned a level 5 spell: Iskenderun's Battlesphere
 11917 | D:10     | Noticed Fannar
 11922 | D:10     | Killed Fannar
 12001 | D:10     | Identified the +0 ring mail of the Catamount {+Inv rElec}
 12260 | D:10     | Noticed a sea snake
 12588 | D:10     | Found a sacrificial altar of Ru.
 12786 | D:10     | Found a blossoming altar of Fedhas.
 13041 | Lair:1   | Entered Level 1 of the Lair of Beasts
 13307 | Lair:1   | Reached ***** piety under Ashenzari
 13475 | Lair:1   | Reached XP level 12. HP: 75/75 MP: 23/28
 13731 | Lair:1   | Reached skill level 5 in Fighting
 13875 | Lair:1   | Noticed gruber's ghost (journeyman GrEE)
 14074 | Lair:1   | Found a runed translucent door.
 14656 | Lair:2   | Reached skill level 5 in Dodging
 15629 | Lair:2   | Found a runed translucent gate.
 15629 | Lair:2   | Found a runed translucent gate.
 15629 | Lair:2   | Found a runed translucent gate.
 15635 | Lair:2   | Reached XP level 13. HP: 82/82 MP: 28/30
 16469 | Lair:3   | Reached skill level 10 in Spellcasting
 16472 | Lair:3   | Found a frozen archway.
 16518 | IceCv    | Entered an ice cave
 17705 | IceCv    | Identified the +0 ice dragon scales of the Fisher {rF- rC++
                  | Str+3}
 18188 | Lair:3   | Learned a level 5 spell: Fireball
 18192 | Lair:3   | Learned a level 3 spell: Ozocubu's Armour
 18585 | Lair:3   | Reached skill level 1 in Ice Magic
 18589 | Lair:3   | Noticed a catoblepas
 18592 | Lair:3   | Killed a catoblepas
 18972 | Lair:3   | Found a staircase to the Snake Pit.
 19174 | Lair:3   | Found a staircase to the Shoals.
 19525 | Lair:3   | Found a staircase to the Snake Pit.
 19936 | Lair:3   | Found a staircase to the Shoals.
 20666 | Lair:4   | Reached XP level 14. HP: 92/92 MP: 34/34
 20815 | Lair:4   | Reached skill level 10 in Conjurations
 21972 | Lair:5   | Entered Level 5 of the Lair of Beasts
 22096 | Lair:5   | Noticed Snorg
 22102 | Lair:5   | Killed Snorg
 22293 | Lair:5   | Found a staircase to the Slime Pits.
 22547 | Lair:5   | Reached skill level 10 in Evocations
 23105 | Lair:5   | Reached skill level 5 in Fire Magic
 24580 | Lair:5   | Reached XP level 15. HP: 100/100 MP: 36/36
 24687 | Lair:5   | Learned a level 5 spell: Freezing Cloud
 24890 | D:7      | Bought a potion of haste for 150 gold pieces
 24890 | D:7      | Bought a potion of heal wounds for 75 gold pieces
 24890 | D:7      | Bought 2 potions of curing for 90 gold pieces
 24890 | D:7      | Bought a potion of brilliance for 60 gold pieces
 24914 | D:7      | Bought a potion of cancellation for 88 gold pieces
 24914 | D:7      | Bought a potion of resistance for 110 gold pieces
 24914 | D:7      | Bought a potion of invisibility for 88 gold pieces
 24917 | D:7      | Bought a potion of haste for 110 gold pieces
 25029 | D:11     | Found a staircase to the Orcish Mines.
 25046 | Orc:1    | Entered Level 1 of the Orcish Mines
 25522 | Orc:1    | Noticed Maurice
 25525 | Orc:1    | Killed Maurice
 25764 | D:11     | Found a flickering gateway to a bazaar.
 25770 | Bazaar   | Entered a bazaar
 25772 | Bazaar   | Found Renau's Antique Weapon Shop.
 25807 | Bazaar   | Found Tecw's Distillery.
 25824 | Bazaar   | Found Hiar's Antique Armour Shop.
 25831 | Bazaar   | Bought a pair of warped gloves for 237 gold pieces
 25831 | Bazaar   | Identified the +0 pair of gloves "Nafuguan" {rN+ Regen+
                  | Dex+2} (You bought it in a shop in a bazaar)
 25851 | Bazaar   | Bought a potion of brilliance for 68 gold pieces
 25851 | Bazaar   | Bought a potion of haste for 170 gold pieces
 25851 | Bazaar   | Bought a potion of curing for 51 gold pieces
 26102 | D:11     | Reached skill level 1 in Air Magic
 26804 | D:11     | Noticed Josephine
 26805 | D:11     | Killed Josephine
 27502 | D:12     | Found a shimmering altar of Xom.
 27502 | D:12     | Noticed Erolcha
 27506 | D:12     | Killed Erolcha
 27704 | D:12     | Found a shimmering altar of Xom.
 27704 | D:12     | Found a shimmering altar of Xom.
 27706 | D:12     | Found a shimmering altar of Xom.
 27707 | D:12     | Found a shimmering altar of Xom.
 27714 | D:12     | Found a shimmering altar of Xom.
 27714 | D:12     | Found a shimmering altar of Xom.
 27715 | D:12     | Found a shimmering altar of Xom.
 29071 | D:13     | Reached skill level 10 in Dodging
 30369 | D:14     | Found a gate to the Vaults.
 31004 | D:14     | Reached XP level 16. HP: 98/107 MP: 1/38
 31777 | D:15     | Entered Level 15 of the Dungeon
 31956 | D:15     | Noticed a fire giant
 31971 | D:15     | Killed a fire giant
 32358 | D:15     | Reached skill level 10 in Fighting
 32387 | D:15     | Noticed Louise
 32393 | D:15     | Killed Louise
 32595 | D:15     | Found a staircase to the Depths.
 33031 | D:7      | Bought 2 potions of invisibility for 176 gold pieces
 33155 | Orc:2    | Entered Level 2 of the Orcish Mines
 33156 | Orc:2    | Found Tuem's Assorted Antiques.
 33514 | Orc:2    | Found Vipuum's Assorted Antiques.
 33904 | Orc:2    | Found Yheasus's Jewellery Boutique.
 34660 | Orc:2    | Found Pydak's Armour Emporium.
 34669 | Orc:2    | Found Kyikedo's Distillery.
 34896 | Orc:2    | Found a staircase to the Elven Halls.
 35172 | Orc:2    | Found a staircase to the Elven Halls.
 35332 | Orc:2    | Found Vipuum's Assorted Antiques.
 35334 | Orc:2    | Found Yheasus's Jewellery Boutique.
 35434 | Orc:2    | Found Tuem's Assorted Antiques.
 35537 | Orc:2    | Found Pydak's Armour Emporium.
 35538 | Orc:2    | Found Kyikedo's Distillery.
 35998 | Lair:2   | Noticed Flugkiller's ghost (journeyman DEGl)
 36007 | Lair:2   | Killed Flugkiller's ghost
 36009 | Lair:2   | Reached skill level 10 in Stealth
 36199 | Lair:1   | Killed gruber's ghost
 36347 | Shoals:1 | Entered Level 1 of the Shoals
 37405 | Shoals:1 | Reached XP level 17. HP: 93/113 MP: 29/40
 38249 | Shoals:2 | Noticed Polyphemus
 38255 | Shoals:2 | Killed Polyphemus
 38627 | Shoals:2 | Found Hing's Firing Range.
 39599 | Shoals:3 | Noticed Ilsuiw
 39606 | Shoals:3 | Killed Ilsuiw
 39787 | Shoals:3 | Found Yseuggiawk's Book Shoppe.
 40418 | Shoals:3 | Noticed Roxanne
 40943 | Shoals:4 | Entered Level 4 of the Shoals
 42410 | Shoals:4 | Found the +13 scythe of Curses {drain, curses, Drain}
 42676 | Shoals:4 | Identified the +10 long sword "Varomuw" {flame, +Blink
                  | Dex+7}
 42708 | Shoals:4 | Reached XP level 18. HP: 88/119 MP: 25/41
 42957 | Shoals:4 | Got a barnacled rune of Zot
 43015 | Shoals:4 | Identified the +3 leather armour of Marbles {rElec rF-
                  | Regen+ Str+2}
 43554 | Snake:1  | Entered Level 1 of the Snake Pit
 43584 | Snake:1  | Reached skill level 15 in Spellcasting
 44729 | Orc:2    | Bought the amulet "Buplat" {Faith Contam Int+3 Dex+9} for
                  | 999 gold pieces
 46312 | Snake:1  | Found a runed translucent door.
 46314 | Snake:1  | Noticed Douf's ghost (adept MiBe)
 46788 | Snake:2  | Identified the +6 plate armour "Jehow" {rPois Str+4 Int+3
                  | Stlth+}
 47816 | Snake:3  | Found Burut's Armour Emporium.
 48230 | Snake:3  | Reached XP level 19. HP: 121/121 MP: 27/42
 48358 | Snake:3  | Reached skill level 15 in Conjurations
 49057 | Snake:2  | Learned a level 8 spell: Lehudib's Crystal Spear
 49566 | Snake:3  | Found Oturoira's Jewellery Shoppe.
 49667 | Snake:3  | Found Esiru's Weapon Emporium.
 49682 | Snake:3  | Reached skill level 15 in Earth Magic
 49841 | Snake:3  | Found Jerit's Antique Weapon Emporium.
 50693 | Snake:3  | Noticed Vashnia
 50701 | Snake:3  | Killed Vashnia
 50961 | Snake:3  | Found Voyblamupu's Distillery.
 51142 | Snake:4  | Entered Level 4 of the Snake Pit
 52502 | Snake:4  | Reached ****** piety under Ashenzari
 52911 | Snake:4  | Reached XP level 20. HP: 128/128 MP: 6/44
 54039 | Snake:4  | Got a serpentine rune of Zot
 54302 | Snake:4  | Found a glowing golden altar of the Shining One.
 54555 | Snake:1  | Killed Douf's ghost
 54673 | Snake:3  | Bought the +1 helmet of Vuawkeut {rN+} for 227 gold pieces
 54780 | Shoals:2 | Bought a throwing net for 39 gold pieces
 54950 | Orc:2    | Bought a potion of curing for 54 gold pieces
 54950 | Orc:2    | Bought a potion of heal wounds for 90 gold pieces
 55198 | Snake:3  | Bought a potion of brilliance for 60 gold pieces
 55450 | Elf:1    | Entered Level 1 of the Elven Halls
 58421 | Elf:2    | Reached XP level 21. HP: 130/130 MP: 17/45
 58521 | Elf:2    | Found a runed translucent gate.
 58521 | Elf:2    | Found a runed translucent gate.
 58521 | Elf:2    | Found a runed translucent gate.
 58559 | Elf:2    | Found Feirch's Antique Weapon Shop.
 58560 | Elf:2    | Found Miofewk's Distillery.
 58561 | Elf:2    | Found Ubuefa's Distillery.
 59801 | Elf:2    | Noticed Aizul
 59812 | Elf:2    | Killed Aizul
 60301 | Elf:3    | Entered Level 3 of the Elven Halls
 61069 | Elf:3    | Found the +6 lightning scales {swift, rElec}
 61070 | Elf:3    | Identified the ring "Wuesifuulo" {rF+ Str+3}
 61154 | Elf:3    | Identified the +0 pair of boots of Ripny {rN++ Dex-3}
 61170 | Elf:3    | Identified the +8 plate armour "Jeahi" {*Corrode rPois
                  | Int+6}
 61355 | Elf:3    | Identified the +1 pair of boots of the Mind {*Slow Fly
                  | Str+2 Slay+5}
 61356 | Elf:3    | Identified the +0 steam dragon scales of Amorality {Int+3}
 63061 | Elf:2    | Bought a potion of experience for 700 gold pieces
 63061 | Elf:2    | Reached XP level 22. HP: 136/136 MP: 46/46
 63069 | Elf:2    | Learned a level 6 spell: Simulacrum
 63074 | Elf:2    | Learned a level 4 spell: Dispel Undead
 63074 | Elf:2    | Bought a potion of brilliance for 56 gold pieces
 63074 | Elf:2    | Bought a potion of heal wounds for 70 gold pieces
 63257 | Vaults:1 | Entered Level 1 of the Vaults
 63343 | Vaults:1 | Reached skill level 5 in Ice Magic
 63777 | Vaults:1 | Reached XP level 23. HP: 141/141 MP: 37/48
 65455 | Vaults:1 | Paralysed by a great orb of eyes for 2 turns
 67459 | Vaults:2 | Identified the +8 dagger "Acwiyll" {speed, Drain Will+
                  | Str+3 Int+4}
 67597 | Vaults:2 | Found a staircase to the Crypt.
 68537 | Vaults:3 | Found Wourr's Assorted Antiques.
 68581 | Vaults:3 | Noticed Sojobo
 68596 | Vaults:3 | Killed Sojobo
 68718 | Vaults:3 | Found a transporter.
 68720 | Vaults:3 | Found a transporter.
 68763 | Vaults:3 | Noticed a golden dragon
 68783 | Vaults:3 | Noticed Ciotsan's ghost (adept FeIE)
 69568 | Vaults:3 | Noticed Nikola
 69572 | Vaults:3 | Killed Nikola
 69782 | Vaults:3 | Reached XP level 24. HP: 150/150 MP: 40/48
 69786 | Vaults:3 | Reached skill level 10 in Necromancy
 70583 | Vaults:3 | Identified the +9 great sword "Poelikly" {heavy, *Rage
                  | rElec rN+ MP+9}
 70604 | Vaults:3 | Killed Ciotsan's ghost
 70633 | Vaults:3 | Killed a golden dragon
 70650 | Vaults:3 | Noticed Fypuno Aqar's ghost (adept DEFE)
 70657 | Vaults:3 | Killed Fypuno Aqar's ghost
 71033 | Vaults:4 | Learned a level 2 spell: Blink
 72858 | Vaults:4 | Found Kull's Weapon Shoppe.
 73794 | Snake:3  | Bought a potion of brilliance for 60 gold pieces
 73794 | Snake:3  | Bought a potion of heal wounds for 75 gold pieces
 73794 | Snake:3  | Bought a potion of haste for 150 gold pieces
 74085 | Elf:2    | Bought a potion of heal wounds for 70 gold pieces
 74085 | Elf:2    | Bought a potion of magic for 112 gold pieces
 74142 | Orc:2    | Bought a scroll of fear for 76 gold pieces
 74142 | Orc:2    | Bought a scroll of fog for 76 gold pieces
 74201 | Elf:2    | Bought a potion of heal wounds for 85 gold pieces
 74411 | Depths:1 | Entered Level 1 of the Depths
 75099 | Depths:1 | Found Pumopeid's Self-Improvement Boutique.
 75243 | Depths:1 | Found a one-way gate to the infinite horrors of the Abyss.
 76682 | Depths:1 | Found a gateway to Hell.
 76969 | Depths:2 | Reached XP level 25. HP: 116/157 MP: 4/49
 78163 | Depths:2 | Noticed a royal mummy
 78167 | Depths:2 | Killed a royal mummy
 78461 | Depths:2 | Identified the +1 leather armour of the Curupira {rN+
                  | Int+3}
 78954 | Depths:2 | Found a one-way gate leading to the halls of Pandemonium.
 79079 | Depths:3 | Found a one-way gateway to a ziggurat.
 79744 | Depths:3 | Noticed Margery
 80148 | Depths:3 | Identified the +4 hand axe of Ignis's Inspiration {drain,
                  | rElec Int+3}
 80333 | Depths:3 | Reached skill level 15 in Evocations
 80380 | Depths:3 | Identified the ring "Gafao" {Fire Dex+2}
 80382 | Depths:3 | Killed Margery
 80674 | Depths:3 | Reached XP level 26. HP: 162/166 MP: 34/50
 82052 | Elf:2    | Bought a potion of heal wounds for 85 gold pieces
 82052 | Elf:2    | Bought a potion of heal wounds for 85 gold pieces
 82136 | Orc:2    | Bought a potion of haste for 180 gold pieces
 82136 | Orc:2    | Bought a potion of haste for 180 gold pieces
 82136 | Orc:2    | Bought a potion of magic for 144 gold pieces
 82136 | Orc:2    | Bought a potion of resistance for 180 gold pieces
 82349 | Depths:4 | Entered Level 4 of the Depths
 82400 | Depths:4 | Found a magical portal.
 82406 | WizLab   | Entered Lehudib's Moon Base
 82623 | WizLab   | Found a transporter.
 82623 | WizLab   | Identified Misafful's Tome of the Salamander
 82747 | WizLab   | Identified the +0 ring mail of Precision Catastrophes
                  | {Int+3}
 83229 | WizLab   | Gained mutation: You are clumsy. (Dex -2) [a cacodemon]
 83847 | WizLab   | Reached skill level 15 in Dodging
 83970 | WizLab   | Found a transporter.
 84469 | Depths:4 | Lost mutation: You are clumsy. (Dex -2) [potion of
                  | mutation]
 84469 | Depths:4 | Gained mutation: You are resistant to electric shocks.
                  | (rElec) [potion of mutation]
 84469 | Depths:4 | Gained mutation: You occasionally lose the ability to drink
                  | potions when taking damage. [potion of mutation]
 84469 | Depths:4 | Gained mutation: Your flesh is cold resistant. (rC+)
                  | [potion of mutation]
 84470 | Depths:4 | Lost mutation: You occasionally lose the ability to drink
                  | potions when taking damage. [potion of mutation]
 84470 | Depths:4 | Lost mutation: You are resistant to electric shocks.
                  | (rElec) [potion of mutation]
 84470 | Depths:4 | Gained mutation: Your muscles are strong. (Str +4, Int/Dex
                  | -1) [potion of mutation]
 84470 | Depths:4 | Gained mutation: Your spells are a little easier to cast,
                  | but a little less powerful. [potion of mutation]
 84471 | Depths:4 | Lost mutation: Your flesh is cold resistant. (rC+) [potion
                  | of mutation]
 84471 | Depths:4 | Lost mutation: Your spells are a little easier to cast, but
                  | a little less powerful. [potion of mutation]
 84471 | Depths:4 | Lost mutation: Your muscles are strong. (Str +4, Int/Dex
                  | -1) [potion of mutation]
 84471 | Depths:4 | Gained mutation: You are clumsy. (Dex -2) [potion of
                  | mutation]
 84471 | Depths:4 | Gained mutation: Your flesh is cold resistant. (rC+)
                  | [potion of mutation]
 84471 | Depths:4 | Lost mutation: You are clumsy. (Dex -2) [potion of
                  | mutation]
 84565 | Depths:4 | Identified the +1 plate armour of the Alphagorgon {rF- rC+
                  | Str+2}
 86250 | Depths:4 | Found a gate to the Realm of Zot.
 86755 | Elf:2    | Bought a potion of invisibility for 112 gold pieces
 87046 | Snake:3  | Bought a potion of invisibility for 120 gold pieces
 87688 | Slime:1  | Entered Level 1 of the Pits of Slime
 88492 | Slime:5  | Entered Level 5 of the Pits of Slime
 88929 | Slime:5  | Reached XP level 27. HP: 175/175 MP: 51/51
 89039 | Slime:5  | Found the ring of the Tortoise {AC+8}
 89041 | Slime:5  | Found a viscous altar of Jiyva.
 89041 | Slime:5  | Noticed the Royal Jelly
 89055 | Slime:5  | Killed the Royal Jelly
 89072 | Slime:5  | Reached skill level 15 in Fighting
 89293 | Slime:5  | Identified the +2 pair of gloves "Ulex" {Str+3 Int+3 Dex+5}
 89294 | Slime:5  | Identified the +6 battleaxe of the First Persimmons {heavy,
                  | rF- Will+++ Dex+2 Stlth+}
 89295 | Slime:5  | Identified the ring "Mouth" {rF+ rN+}
 89353 | Slime:5  | Identified the +1 short sword "Wiemoeg" {pain, rPois rC+
                  | Str+3 Int-4 Dex+2}
 89361 | Slime:5  | Got a slimy rune of Zot
 89863 | Elf:2    | Bought a potion of invisibility for 136 gold pieces
 90143 | Vaults:3 | Bought a scroll of blinking for 300 gold pieces
 90149 | Vaults:3 | Learned a level 5 spell: Arcjolt
 90414 | Zot:1    | Entered Level 1 of the Realm of Zot
 90922 | Zot:1    | Identified the +2 robe "Gusizimn" {rElec rC+}
 93536 | Vaults:5 | Entered Level 5 of the Vaults
 93537 | Vaults:5 | Identified the +0 ring mail of Beogh's Brutal Revenge
                  | {*Slow Int+7 Slay+2}
 93554 | Vaults:5 | Noticed Boris
 93566 | Vaults:5 | Killed Boris
 93606 | Vaults:5 | Identified the staff of Circularity {rElec rF+ Str-5 Int+3
                  | Dex+4 Stlth+ Air}
 93826 | Vaults:5 | Noticed a dread lich
 94257 | Vaults:5 | Identified the +10 flail "Cucw" {heavy, rC++}
 94426 | Vaults:5 | Identified the +7 dagger of Fee Simple {protect, rN+ Int+3
                  | Dex+3 SInv}
 94767 | Vaults:5 | Identified the +3 leather armour "Afekot" {rElec rC+}
 94995 | Vaults:5 | Killed a dread lich
 95030 | Vaults:5 | Identified the +1 flail "Facoezxo" {heavy, rF++ Str+2}
 95320 | Vaults:5 | Identified the Elucidation of Erosion and Vicissitude
 95449 | Vaults:5 | Noticed an ancient lich
 95452 | Vaults:5 | Killed an ancient lich
 96996 | Vaults:5 | Noticed a dread lich
 97000 | Vaults:5 | Killed a dread lich
 97001 | Vaults:5 | Noticed an ancient lich
 97004 | Vaults:5 | Killed an ancient lich
 97086 | Vaults:5 | Found the +2 hat of the Bear Spirit {Spirit, Bear, *Rage
                  | Will++}
 97098 | Vaults:5 | Got a silver rune of Zot
 97421 | Vaults:5 | Learned a level 3 spell: Swiftness
 98691 | Zig:1    | Entered Level 1 of a ziggurat
 98707 | Zig:2    | Entered Level 2 of a ziggurat
 98711 | Zig:2    | Identified the +6 spear of Symmetry {vamp, Int+4}
 98758 | Zig:3    | Entered Level 3 of a ziggurat
 98802 | Zig:4    | Entered Level 4 of a ziggurat
 98808 | Zig:4    | Noticed a Killer Klown
 98808 | Zig:4    | Identified the Grimoire of the Geometric Stinger
 98813 | Zig:4    | Killed a Killer Klown
 98917 | Zig:5    | Entered Level 5 of a ziggurat
 98925 | Zig:5    | Noticed Deinel the pandemonium lord
 98937 | Zig:5    | Killed Deinel the pandemonium lord
 99125 | Zig:6    | Entered Level 6 of a ziggurat
 99154 | Zig:6    | Gained mutation: You are clumsy. (Dex -2) [a neqoxec]
 99155 | Zig:6    | Gained mutation: You are weak. (Str -2) [a neqoxec]
103132 | Zot:4    | Noticed a Killer Klown
103135 | Zot:4    | Killed a Killer Klown
103678 | Zot:5    | Entered Level 5 of the Realm of Zot
104299 | Elf:2    | Bought a pitted trident for 297 gold pieces
104299 | Elf:2    | Identified the +5 trident "Obradgh" {drain, MP+9 Int+3}
                  | (You bought it in a shop on level 2 of the Elven Halls)
104500 | D:7      | Bought the ring of Paqukkar {rElec MP+9} for 408 gold
                  | pieces
104972 | Zot:5    | Found a runed translucent gate.
104973 | Zot:5    | Found a runed translucent gate.
104974 | Zot:5    | Found a runed translucent gate.
104984 | Zot:5    | Noticed Syrassil's ghost (master DrMo)
105155 | Zot:5    | Killed Syrassil's ghost
105422 | Zot:5    | Noticed a Killer Klown
105428 | Zot:5    | Killed a Killer Klown
105431 | Zot:5    | Noticed a Killer Klown
105441 | Zot:5    | Killed a Killer Klown
105444 | Zot:5    | Noticed a Killer Klown
105448 | Zot:5    | Killed a Killer Klown
105454 | Zot:5    | Noticed an ancient lich
105456 | Zot:5    | Noticed an ancient lich
105459 | Zot:5    | Killed an ancient lich
105461 | Zot:5    | Noticed an orb of fire
105463 | Zot:5    | Noticed an orb of fire
105465 | Zot:5    | Killed an ancient lich
105472 | Zot:5    | Killed an orb of fire
105477 | Zot:5    | Killed an orb of fire
105869 | Zot:5    | Noticed a Killer Klown
105876 | Zot:5    | Noticed a Killer Klown
105878 | Zot:5    | Killed a Killer Klown
105881 | Zot:5    | Noticed an orb of fire
105885 | Zot:5    | Gained mutation: You occasionally lose the ability to drink
                  | potions when taking damage. [an orb of fire]
105887 | Zot:5    | Killed an orb of fire
105892 | Zot:5    | Killed a Killer Klown
105896 | Zot:5    | Noticed a dread lich
105899 | Zot:5    | Noticed a Killer Klown
105926 | Zot:5    | Killed a Killer Klown
105937 | Zot:5    | Killed a dread lich
106368 | Zot:5    | Lost mutation: Your flesh is cold resistant. (rC+) [potion
                  | of mutation]
106368 | Zot:5    | Lost mutation: You occasionally lose the ability to drink
                  | potions when taking damage. [potion of mutation]
106368 | Zot:5    | Lost mutation: You are clumsy. (Dex -2) [potion of
                  | mutation]
106368 | Zot:5    | Gained mutation: You have large cloven feet. [potion of
                  | mutation]
106368 | Zot:5    | Gained mutation: Your mind is acute. (Int +4, Str/Dex -1)
                  | [potion of mutation]
106397 | Zot:5    | Got the Orb of Zot
106990 | D:$      | Escaped with the Orb!

Illustrated notes

Levels and vault maps discovered:
D:1:      minmay_arrival_checkered_box, layout_basic
D:2:      layout_basic, uniq_natasha
D:3:      layout_rooms, mainiacjoe_overflow_six_doors_small, st_stairs_13
D:4:      cheibrodos_barr_body, layout_loops_cross,
          minmay_temple_entry_statues_pillars, minmay_misc_feat_chi,
          grunt_ministairs_2, nicolae_shop_dragon_depot, kennysheep_boxes
D:5:      layout_cave_pools, gammafunk_temple_overflow_wave,
          minmay_manual_monstrance
D:6:      layout_cave_pools, grunt_decor_resistance, minmay_lizard_king
D:7:      layout_rooms, dk_yredelemnul_ordeal, serial_shops,
          nicolae_shop_hallway_stairs, minmay_shop_grid_forest,
          serial_park_tiny_1
D:8:      layout_loops_ring, palyth_temple_overflow_mages,
          nicolae_qazlal_style_of_elements, enter_ossuary_3, uniq_grum
D:9:      layout_basic, minmay_fractal_squares_gapless_5
D:10:     hellmonk_ruined_rings, layout_loops_ring,
          nicolae_ru_the_path_less_chosen, mainiacjoe_overflow_surrounded_room,
          lair_entry_dummy, serial_aquarium, aquarium_bridge_square
          [aquarium_subvault_wall, aquarium_subvault_wall,
          aquarium_subvault_bridge, aquarium_subvault_bridge],
          aquarium_window_1, aquarium_window_3, aquarium_window_1,
          aquarium_window_2, aquarium_view_2e, aquarium_view_2c,
          aquarium_balcony_1a, uniq_fannar
D:11:     minmay_recursive_quarters, layout_long_grid,
          minmay_orc_entry_guard_dogs, serial_shops, bzr_entry_lakeside,
          uniq_josephine
D:12:     layout_basic, xom_shifter_show, uniq_erolcha
D:13:     layout_irregular_city
D:14:     layout_stronghold, david_vaults_2, amcnicky_mini_rare_corridor_liquid,
          st_stairs_13, abandoned_shop
D:15:     grunt_enter_depths_giant_problem, layout_cross,
          chequers_serial_rivers_micro_e, uniq_louise
Lair:1:   layout_roguey, hellmonk_ghost_happy_afterlife, serial_bayou_pond_b
Lair:2:   layout_cave_pods, gammafunk_ghost_necromancy, minivault_24
Lair:3:   layout_layer_cave, elwin_shoals_entry_rocks,
          guppyfry_snake_entry_island, portal_ice_cave_entry_ice_simulacra,
          serial_bayou_lake_a
Lair:4:   cheibrodos_magma_flow, layout_cave_pods, minivault_23
Lair:5:   grunt_lair_end_beastmaster, layout_regular_city,
          nicolae_slime_entry_slimehenge, disabler_island, uniq_snorg
Shoals:1: layout_shoals
Shoals:2: layout_shoals, nicolae_shop_firing_range, uniq_polyphemus
Shoals:3: layout_shoals, serial_shops, nicolae_take_the_stairs,
          nicolae_shoals_isolated_beach, uniq_ilsuiw, uniq_roxanne
Shoals:4: shoals_end_grunt_ice, layout_shoals
Snake:1:  layout_layer_cave, gammafunk_ghost_grave,
          nicolae_snake_ghostly_warrior_ritual
Snake:2:  layout_rooms, nicolae_zig_zag_zippers, grunt_megastairs_4,
          lemuel_fruit_tree
Snake:3:  hangedman_cross_veins, layout_concentric_octagons, serial_shops, shop,
          shop, nicolae_shop_hallway_plus, shop, shop, grunt_megastairs_2,
          uniq_vashnia
Snake:4:  snake_pit_salamanders_mu, layout_rooms, basic_altar
Slime:1:  layout_caves
Slime:2:  layout_caves
Slime:3:  layout_caves
Slime:4:  layout_caves
Slime:5:  slime_pit
Orc:1:    layout_diamond_mine, basic_altar, uniq_maurice
Orc:2:    st_orc_town, layout_caves, serial_shops, shop
Elf:1:    nicolae_elf_arrival_fired_up, layout_onion_city,
          minmay_elf_crystal_heptagon, nicolae_concentric_dashed_squares_mild
Elf:2:    elven_hall_of_blades_hangedman_original
          [infiniplex_blade_entry_pillars], layout_geoelf_diagonals,
          nicolae_elf_glass_and_crystal_pillar_1, grunt_ministairs_9,
          minmay_shop_star, uniq_aizul
Elf:3:    minmay_elf_hall_dome, layout_gridlike
Vaults:1: ontoclasm_vaults_twist, nicolae_vaults_off_center_swirl,
          vaults_room_stairs_pillars, dpeg_vaults_monster_box,
          nicolae_vaults_heart-shaped_vault, nicolae_vaults_closet_pinwheel_5,
          vaults_mumra_hex, v_rooms_6, vaults_room_stairs_pillars,
          nicolae_vaults_apartment_1, layout_vaults_chaotic_city
Vaults:2: nicolae_vaults_network_quinsquares
          [nicolae_vaults_network_quincunx_subvault,
          nicolae_vaults_network_quincunx_subvault,
          nicolae_vaults_network_quincunx_subvault,
          nicolae_vaults_network_quincunx_subvault], v_misc_23, v_pattern_1,
          minmay_crypt_entry_simple_walls, grunt_vaults_twisty,
          ontoclasm_vaults_chip, hangedman_vaults_restitches, v_misc_23,
          nicolae_vaults_closet_pinwheel_1, nicolae_vaults_tetromino_L_1,
          nicolae_vaults_trapezoid_lopsided_3, nicolae_vaults_specimen_jars,
          layout_vaults_omnicross
Vaults:3: nzn_ghost_randoct, vaults_mumra_minichess_inversion,
          vaults_room_hallway, vaults_room_hangedman_quadrants,
          nicolae_vaults_layer_cake_slice, hangedman_vaults_nodes,
          nicolae_vaults_little_squares_3, v_misc_2, vaults_standard_mumra_x,
          vaults_room_door_ring, layout_vaults_omnibox, serial_shops,
          nicolae_lakefront_shop, uniq_nikola, uniq_sojobo
Vaults:4: v_misc_28, nicolae_vaults_trapezoid_lopsided_3,
          nicolae_vaults_tetromino_Z_2, vaults_dpeg_cross,
          vaults_dpeg_encased_lava, vaults_dpeg_ring,
          nicolae_vaults_heart-shaped_vault, grunt_vaults_hallway_long,
          nicolae_vaults_taking_the_gang_shopping, layout_vaults_omnigrid
Vaults:5: serial_shops, uniq_boris
Depths:1: layout_gridlike, minmay_hedge_maze, hangedman_abyss_entry_splay,
          hellmouth_1, nicolae_eternal_life, hex_medium, nicolae_shop_self_help
Depths:2: ragdoll_tomb_raider, layout_cave_pools, hell_entry,
          grunt_pan_entry_in_and_out, minmay_staircase_statues
Depths:3: minmay_the_grid_net [minmay_the_grid_odd_star,
          minmay_the_grid_minigrid_small, minmay_the_grid_square_x,
          minmay_the_grid_tree, minmay_the_grid_gridbox,
          minmay_the_grid_prize_four_corners_diamond_b], layout_cave_pools,
          enter_ziggurat_a, serial_bayou, serial_bayou_pond_a,
          serial_bayou_ford_a, serial_bayou_shore_b, serial_bayou_lagoon_a,
          serial_bayou_pond_d, grunt_metal_band, abyss_entry_glasseish,
          kennysheep_generic_room_5
Depths:4: grunt_zot_entry_bicorn, layout_gridlike,
          chequers_serial_rivers_small_a, grunt_hell_entry_dis_mu,
          mu_enter_wizlab_3, hangedman_decor_growths, st_stairs_3
Zot:1:    lemuel_halls_of_wrath, layout_basic
Zot:2:    layout_onion_interference, uniq_grunn
Zot:3:    layout_twisted_circle
Zot:4:    layout_misc_corridors
Zot:5:    layout_misc_corridors, gammafunk_ghost_split

Skill      XL: |  1  2  3  4  5  6  7  8  9 10 11 12 13 14 15 16 17 18 19 20 21 22 23 24 25 26 27 |
---------------+----------------------------------------------------------------------------------+-----
Stealth        | 3 4 5 6 8 10 11 12 13 14 | 14.4
Fighting       | 1 2 3 4 6 7 8 9 10 11 12 13 14 20 | 20.8
Conjurations   | 1 2 3 4 5 7 8 9 10 11 12 13 14 16 17 18 19 | 19.6
Earth Magic    | 4 5 7 8 10 11 12 14 16 17 18 19 | 19.7
Spellcasting   | 3 4 5 6 7 8 9 11 12 13 14 15 16 17 18 19 20 21 22 | 22.7
Evocations     | 3 5 6 8 9 10 11 12 13 15 16 22 | 22.5
Dodging        | 3 6 8 9 10 11 12 13 14 15 22 | 22.1
Poison Magic   | 2 |  2.5
Fire Magic     | 2 3 5 6 |  6.7
Transmutations | 2 |  2.5
Ice Magic      | 2 3 4 5 6 7 |  7.3
Air Magic      | 2 |  2.6
Necromancy     | 7 9 11 12 13 | 13.6

Action                     |  1- 3 |  4- 6 |  7- 9 | 10-12 | 13-15 | 16-18 | 19-21 | 22-24 | 25-27 || total
---------------------------+-------+-------+-------+-------+-------+-------+-------+-------+-------++-------
  Melee: Short sword       |     4 |     5 |       |       |       |       |       |       |       ||     9
         Whip              |       |     4 |    42 |       |       |       |       |       |       ||    46
         Punch             |       |       |     1 |       |       |       |       |       |       ||     1
         Hand axe          |       |       |       |       |     6 |    28 |       |       |    16 ||    50
         Mace              |       |       |       |       |       |     1 |     9 |    31 |   110 ||   151
         Trident           |       |       |       |       |       |       |       |       |     3 ||     3
  Throw: Throwing net      |       |       |       |       |       |       |       |     3 |       ||     3
   Cast: Sandblast         |    43 |   118 |    41 |     3 |    18 |       |     7 |       |     4 ||   234
         Stone Arrow       |       |       |   139 |   224 |   555 |   613 |    40 |       |       ||  1571
         Iskenderun's Batt |       |       |       |    29 |   101 |    93 |     7 |       |       ||   230
         Fireball          |       |       |       |       |    62 |   187 |    83 |    61 |    50 ||   443
         Ozocubu's Armour  |       |       |       |       |     2 |     2 |       |     1 |       ||     5
         Ignite Poison     |       |       |       |       |     1 |       |       |       |       ||     1
         Passwall          |       |       |       |       |     4 |       |     6 |     2 |     2 ||    14
         Freezing Cloud    |       |       |       |       |     1 |       |       |       |       ||     1
         Lehudib's Crystal |       |       |       |       |       |       |   312 |   306 |   734 ||  1352
         Simulacrum        |       |       |       |       |       |       |       |    31 |   111 ||   142
         Arcjolt           |       |       |       |       |       |       |       |       |     1 ||     1
 Invoke: Curse Item        |       |     3 |     3 |     4 |     4 |     1 |     2 |       |     2 ||    19
         Shatter the Chain |       |       |     1 |     1 |     3 |     1 |     1 |       |     5 ||    12
  Evoke: Wand              |       |       |       |     1 |     3 |       |     5 |    14 |    23 ||    46
         Phantom mirror    |       |       |       |       |     1 |     1 |       |     2 |     3 ||     7
         Sack of spiders   |       |       |       |       |       |     3 |     2 |     1 |     6 ||    12
         Condenser vane    |       |       |       |       |       |     2 |       |     2 |     4 ||     8
         Lightning rod     |       |       |       |       |       |       |       |    10 |    18 ||    28
    Use: Scroll            |     2 |     2 |       |       |     4 |       |       |     1 |     3 ||    12
         Potion            |       |     3 |       |       |       |       |     1 |     2 |    25 ||    31
   Stab: Sleeping          |       |       |       |       |       |     2 |       |       |       ||     2
         Distracted        |       |       |       |       |       |       |       |       |     2 ||     2
 Armour: Robe              |    10 |     4 |       |       |    86 |   149 |    87 |    76 |   227 ||   639
         Leather armour    |       |    18 |    53 |    24 |       |       |       |       |       ||    95
         Skin              |       |     8 |       |       |       |       |       |       |       ||     8
  Dodge: Dodged            |    12 |    49 |    47 |    30 |    98 |   274 |   180 |   247 |   707 ||  1644

Table legend: (Time is in decaauts)
 A = Elapsed time spent in this place.
 B = Non-inter-level travel time spent in this place.
 C = Inter-level travel time spent in this place.
 D = Time resting spent in this place.
 E = Time spent auto-exploring this place.
 F = Levels seen in this place.
 G = Mean time per level.
                   A        B        C        D        E       F      G
               +--------+--------+--------+--------+--------+-----+--------+
         Total | 107348 |  96948 |  10400 |   4856 |  79227 |  62 | 1731.4 |
       Dungeon |  22422 |  18609 |   3813 |    505 |  15779 |  15 | 1494.8 |
          Lair |  11838 |  10713 |   1125 |    534 |   9048 |   5 | 2367.6 |
        Shoals |   7264 |   7067 |    197 |     74 |   6171 |   4 | 1816.0 |
     Snake Pit |  11402 |  10360 |   1042 |    391 |   8696 |   4 | 2850.5 |
    Slime Pits |   1506 |   1477 |     29 |    952 |    130 |   5 |  301.2 |
  Orcish Mines |   4390 |   3382 |   1008 |      0 |   2935 |   2 | 2195.0 |
   Elven Halls |   8166 |   7502 |    664 |    556 |   6071 |   3 | 2722.0 |
        Vaults |  15518 |  14480 |   1038 |    348 |  11914 |   5 | 3103.6 |
        Depths |  10362 |   9350 |   1012 |   1070 |   7100 |   4 | 2590.5 |
           Zot |   9210 |   8742 |    468 |    245 |   7147 |   5 | 1842.0 |
      Ziggurat |    637 |    637 |      0 |      4 |    466 |   6 |  106.2 |
        Bazaar |     95 |     95 |      0 |      0 |     55 |   1 |   95.0 |
       Ossuary |    808 |    808 |      0 |      0 |    712 |   1 |  808.0 |
      Ice Cave |   1662 |   1662 |      0 |    154 |   1254 |   1 | 1662.0 |
        Wizlab |   2062 |   2062 |      0 |     23 |   1748 |   1 | 2062.0 |
               +--------+--------+--------+--------+--------+-----+--------+

Top non-repeatable levels by time:
Vaults:5: 4523 daAuts
 Snake:3: 3960 daAuts
Vaults:3: 3336 daAuts
  Lair:5: 3260 daAuts
   Orc:2: 3152 daAuts
   Zot:1: 3129 daAuts
Depths:1: 3037 daAuts
 Snake:4: 2890 daAuts
  Lair:3: 2800 daAuts
   Elf:3: 2744 daAuts
   Elf:2: 2719 daAuts
   Elf:1: 2702 daAuts
Vaults:2: 2683 daAuts
 Snake:1: 2657 daAuts
Depths:3: 2638 daAuts
